 Dungeon Crawl Stone Soup version 0.24.0-125-gc4c63601f3 (webtiles) character file.

Game seed: 14753153658492764514, levelgen mode: deterministic

16246724 Nebukadnezar the Axe Maniac (level 27, 273/273 HPs)
             Began as a Minotaur Berserker on Mar 8, 2020.
             Was the Champion of the Shining One.
             Escaped with the Orb
             ... and 15 runes on Mar 9, 2020!
             The game lasted 12:08:50 (96198 turns).

Nebukadnezar the Axe Maniac (Minotaur Berserker)   Turns: 96198, Time: 12:08:50

Health: 273/273    AC: 24    Str: 25    XL:     27
Magic:  34/34      EV: 24    Int: 23    God:    the Shining One [******]
Gold:   1312       SH: 20    Dex: 13    Spells: 12/50 levels left

rFire    + + +     SeeInvis .   a - +9 broad axe (holy)
rCold    + . .     Gourm    .   X - +2 shield {rC+ rF+}
rNeg     + + +     Faith    .   S - quicksilver dragon scales
rPois    +         Spirit   .   j - +0 hat
rElec    +         Reflect  .   q - +2 cloak {MR+}
rCorr    +         Harm     .   U - +0 pair of gloves of Impermeability {Int+7}
MR       +++++                  B - +0 pair of boots "Cyhivil" {rF++ rN+ rCorr}
Stlth    +.........             P - amulet of regeneration
HPRegen  0.95/turn              r - ring of Oloasik {+Inv rN+ Str+2 Int+3 Stlth+}
MPRegen  0.24/turn              x - ring "Kiero" {Wiz rElec rPois rN+}

@: glowing
A: retaliatory headbutt, hooves 1, horns 2, repulsion field 1, blink, low mp 1,
magic resistance 3, mutation resistance 1, sturdy frame 1
0: Orb of Zot
}: 15/15 runes: decaying, slimy, silver, golden, iron, obsidian, icy, bone,
abyssal, demonic, glowing, magical, fiery, dark, gossamer
a: Blink, Divine Shield, Cleansing Flame, Summon Divine Warrior, Renounce
Religion, Evoke Invisibility


You escaped.
You worshipped the Shining One.
The Shining One was exalted by your worship.
You were very full.

You visited 18 branches of the dungeon, and saw 90 of its levels.
You visited Pandemonium 2 times, and saw 13 of its levels.
You visited the Abyss 3 times.
You also visited: Trove, Gauntlet and Ice Cave.

You collected 7941 gold pieces.
You spent 6629 gold pieces at shops.

Inventory:

Hand Weapons
 a - a +9 broad axe of holy wrath (weapon)
 b - a +9 antimagic broad axe
Missiles
 w - 20 boomerangs of dispersal
 K - 12 throwing nets
 O - 48 silver javelins (quivered)
Armour
 j - a +0 hat (worn)
 q - a +2 cloak of magic resistance (worn)
 B - the +0 pair of boots "Cyhivil" (worn) {rF++ rN+ rCorr}
   (You found it on level 5 of the Depths)

   It greatly protects you from fire.
   It protects you from negative energy.
   It provides partial protection from all sources of acid and corrosion.
 S - quicksilver dragon scales (worn)
 U - the +0 pair of gloves of Impermeability (worn) {Int+7}
   (You bought it in a shop on level 2 of the Orcish Mines)

   It affects your intelligence (+7).
 X - a +2 shield of resistance (worn)
Magical Staves
 o - an uncursed staff of energy
 H - an uncursed staff of power
 M - an uncursed staff of wizardry
Jewellery
 h - the ring of Baubetaz {rElec MP+9}
   (You found it on level 7 of Gehenna)

   [ring of magical power]

   It insulates you from electricity.
   It affects your magic capacity (+9).
 i - the ring of the Ancient Wars {Wiz rElec SInv}
   (You found it on level 3 of the Depths)

   [ring of wizardry]

   It improves your spell success rate.
   It insulates you from electricity.
   It lets you see invisible.
 r - the ring of Oloasik (left hand) {+Inv rN+ Str+2 Int+3 Stlth+}
   (You found it in a Gauntlet)

   [ring of stealth]

   It affects your strength (+2).
   It affects your intelligence (+3).
   It protects you from negative energy.
   It lets you turn invisible.
   It makes you more stealthy.
 x - the ring "Kiero" (right hand) {Wiz rElec rPois rN+}
   (You found it on level 3 of the Depths)

   [ring of wizardry]

   It improves your spell success rate.
   It insulates you from electricity.
   It protects you from poison.
   It protects you from negative energy.
 P - an amulet of regeneration (around neck)
Wands
 k - a wand of acid (90)
 y - a wand of iceblast (43)
 E - a wand of paralysis (47)
 N - a wand of digging (6)
 W - a wand of scattershot (13)
Scrolls
 c - 10 scrolls of fog
 z - 14 scrolls of teleportation
 A - 9 scrolls of identify
 F - 3 scrolls of holy word
 J - 3 scrolls of blinking
 T - a scroll of immolation
 Z - 3 scrolls of silence
Potions
 d - 7 potions of lignification
 e - a potion of berserk rage
 g - 5 potions of cancellation
 m - 3 potions of mutation
 n - 16 potions of heal wounds
 p - 9 potions of brilliance
 s - a potion of flight
 u - 13 potions of curing
 D - 4 potions of agility
 G - 3 potions of magic
 I - a potion of haste
 L - 2 potions of might
 Q - 4 potions of resistance
 R - 7 potions of ambrosia
Miscellaneous
 l - a fan of gales (inert)
 t - 10 sacks of spiders
 v - a phial of floods
 C - a figurine of a ziggurat
 V - a lamp of fire
 Y - 9 boxes of beasts
Comestibles
 f - 38 rations


   Skills:
 O Level 27 Fighting
 O Level 27 Axes
 - Level 16.0 Throwing
 - Level 20.0 Armour
 + Level 17.4 Dodging
 + Level 10.7 Stealth
 - Level 25.0 Shields
 - Level 12.0 Spellcasting
 - Level 9.0 Summonings
 - Level 9.0 Translocations
 - Level 8.0 Transmutations
 - Level 4.0 Air Magic
 - Level 25.0 Earth Magic
 - Level 20.0 Invocations
 - Level 13.0 Evocations


You had 12 spell levels left.
You knew the following spells:

 Your Spells              Type           Power        Failure   Level  Hunger
a - Apportation           Tloc           ######       1%          1    None
b - Blink                 Tloc           N/A          1%          2    None
c - Statue Form           Tmut/Erth      ######...    1%          6    #####..
d - Lesser Beckoning      Tloc           ######....   1%          3    None
e - Aura of Abjuration    Summ           ######....   1%          5    ####...
f - Summon Butterflies    Summ           ######..     1%          1    None
g - Passage of Golubria   Tloc           N/A          1%          4    None
l - Summon Lightning Spi  Summ/Air       #####...     1%          4    None
p - Portal Projectile     Hex/Tloc       ####..       1%          3    None
t - Shatter               Erth           #######...   7%          9    #######

Your spell library contained the following spells:

 Spells                   Type           Power        Failure   Level  Hunger
 Sandblast                Erth           ######       0%          1    None
 Lee's Rapid Deconstruct  Erth           #######...   0%          5    ####...
 Animate Skeleton         Necr           N/A          1%          1    None
 Beastly Appendage        Tmut           ######       1%          1    None
 Confusing Touch          Hex            ##....       1%          1    None
 Corona                   Hex            ##.....      1%          1    None
 Flame Tongue             Conj/Fire      ##...        1%          1    None
 Freeze                   Ice            ##..         1%          1    None
 Magic Dart               Conj           ##..         1%          1    None
 Pain                     Necr           ##..         1%          1    None
 Shock                    Conj/Air       ###.         1%          1    None
 Sting                    Conj/Pois      ##..         1%          1    None
 Summon Small Mammal      Summ           ####         1%          1    None
 Call Imp                 Summ           ######..     1%          2    None
 Poisonous Vapours        Pois/Air       ###...       1%          2    None
 Shroud of Golubria       Chrm/Tloc      ####..       1%          2    None
 Sticks to Snakes         Tmut           ######..     1%          2    None
 Swiftness                Chrm/Air       ###.....     1%          2    None
 Call Canine Familiar     Summ           ######..     1%          3    None
 Gell's Gravitas          Tloc           ######....   1%          3    None
 Recall                   Summ/Tloc      N/A          1%          3    None
 Spider Form              Tmut/Pois      ####......   1%          3    None
 Stone Arrow              Conj/Erth      ######       1%          3    None
 Summon Guardian Golem    Hex/Summ       ####....     1%          3    None
 Teleport Other           Tloc           ######..     1%          3    None
 Leda's Liquefaction      Hex/Erth       ######....   1%          4    None
 Petrify                  Tmut/Erth      ######..     1%          4    None
 Bolt of Magma            Conj/Fire/Erth ######....   1%          5    ####...
 Borgnjor's Vile Clutch   Necr/Erth      ######....   1%          5    ####...
 Summon Demon             Summ           ######....   1%          5    ####...
 Summon Forest            Summ/Tloc      ######....   1%          5    ####...
 Iron Shot                Conj/Erth      ######....   1%          6    #####..
 Ignite Poison            Fire/Tmut/Pois ####....     2%          3    None
 Static Discharge         Conj/Air       ###.....     2%          3    None
 Blade Hands              Tmut           ######....   2%          5    ####...
 Corpse Rot               Necr           N/A          3%          2    None
 Ensorcelled Hibernation  Hex/Ice        ##....       3%          2    None
 Searing Ray              Conj           ##....       3%          2    None
 Slow                     Hex            ##......     3%          2    None
 Song of Slaying          Chrm           ##......     3%          2    None
 Sublimation of Blood     Necr           ##........   3%          2    None
 Throw Flame              Conj/Fire      ##....       3%          2    None
 Throw Frost              Conj/Ice       ##....       3%          2    None
 Mephitic Cloud           Conj/Pois/Air  ###.....     3%          3    None
 Force Lance              Conj/Tloc      ####....     3%          4    None
 Summon Ice Beast         Ice/Summ       ####....     3%          4    None
 Airstrike                Air            ####......   4%          4    None
 Ice Form                 Ice/Tmut       ####....     4%          4    None
 Confuse                  Hex            ##......     6%          3    None
 Conjure Flame            Conj/Fire      ##......     6%          3    None
 Dazzling Spray           Conj/Hex       ##....       6%          3    None
 Inner Flame              Hex/Fire       ##......     6%          3    None
 Ozocubu's Armour         Chrm/Ice       ##......     6%          3    None
 Regeneration             Chrm/Necr      ##........   6%          3    None
 Tukima's Dance           Hex            ##......     6%          3    None
 Vampiric Draining        Necr           ##........   6%          3    None
 Shadow Creatures         Summ           N/A          8%          6    #####..
 Summon Mana Viper        Hex/Summ       ####....     9%          5    ####...
 Alistair's Intoxication  Tmut/Pois      ####....     11%         5    ####...
 Irradiate                Conj/Tmut      ####......   11%         5    ####...
 Yara's Violent Unravell  Hex/Tmut       ####......   11%         5    ####...
 Hydra Form               Tmut           ######....   12%         6    #####..
 Animate Dead             Necr           N/A          21%         4    None
 Cause Fear               Hex            ##........   21%         4    None
 Fulminant Prism          Conj/Hex       ##........   21%         4    None
 Iskenderun's Mystic Bla  Conj           ##......     21%         4    None
 Sticky Flame             Conj/Fire      ##......     21%         4    None
 Throw Icicle             Conj/Ice       ##......     21%         4    None
 Lightning Bolt           Conj/Air       ###.......   24%         5    ####...
 Silence                  Hex/Air        ###.......   24%         5    ####...
 Agony                    Necr           ##......     45%         5    ####...
 Bolt of Draining         Conj/Necr      ##........   45%         5    ####...
 Dispel Undead            Necr           ##......     45%         5    ####...
 Excruciating Wounds      Chrm/Necr      ##........   45%         5    ####...
 Fireball                 Conj/Fire      ##........   45%         5    ####...
 Iskenderun's Battlesphe  Conj/Chrm      ##......     45%         5    ####...
 Metabolic Englaciation   Hex/Ice        ##........   45%         5    ####...
 Venom Bolt               Conj/Pois      ##........   45%         5    ####...
 Dragon Form              Tmut           ######....   52%         7    #######
 Lehudib's Crystal Spear  Conj/Erth      ######....   58%         8    #######
 Conjure Ball Lightning   Conj/Air       ###.......   77%         6    #####..
 Deflect Missiles         Chrm/Air       ###.......   77%         6    #####..
 Freezing Cloud           Conj/Ice/Air   ###.......   85%         6    #####..
 Haunt                    Necr/Summ      ####......   92%         7    #######
 Spellforged Servitor     Conj/Summ      ####......   92%         7    #######
 Bolt of Cold             Conj/Ice       ##........   95%         6    #####..
 Bolt of Fire             Conj/Fire      ##........   95%         6    #####..
 Death Channel            Necr           ##........   95%         6    #####..
 Invisibility             Hex            ##......     95%         6    #####..
 Ozocubu's Refrigeration  Ice            ##........   95%         6    #####..
 Poison Arrow             Conj/Pois      ##........   95%         6    #####..
 Simulacrum               Ice/Necr       ##........   95%         6    #####..
 Orb of Destruction       Conj           ##........   100%        7    #######
 Ring of Flames           Chrm/Fire      ##........   100%        7    #######
 Borgnjor's Revivificati  Necr           ##........   100%        8    #######
 Chain Lightning          Conj/Air       ###.......   100%        8    #######
 Death's Door             Chrm/Necr      ##........   100%        8    #######
 Discord                  Hex            ##........   100%        8    #######
 Ignition                 Fire           ##........   100%        8    #######
 Infestation              Necr           ##........   100%        8    #######
 Necromutation            Tmut/Necr      ####......   100%        8    #######
 Dragon's Call            Summ           ######....   100%        9    #######
 Fire Storm               Conj/Fire      ##........   100%        9    #######
 Glaciate                 Conj/Ice       ##........   100%        9    #######
 Tornado                  Air            ####......   100%        9    #######


Dungeon Overview and Level Annotations

Branches:
Dungeon (15/15)            Temple (1/1) D:4            Lair (6/6) D:10
  Swamp (4/4) Lair:4       Spider (4/4) Lair:3        Slime (5/5) Lair:5
    Orc (2/2) D:10            Elf (3/3) Orc:2        Vaults (5/5) D:14
  Crypt (3/3) Vaults:3       Tomb (3/3) Crypt:3      Depths (5/5) D:15
   Hell (visited)             Dis (7/7) Hell            Geh (7/7) Hell
    Coc (7/7) Hell            Tar (7/7) Hell            Zot (5/5) Depths:5
  IceCv (visited)         Gauntlet (visited)

Altars:
Ashenzari
Cheibriados
Dithmenos
Elyvilon
Fedhas
Gozag
Hepliaklqana
Kikubaaqudgha
Makhleb
Nemelex Xobeh
Okawaru
Qazlal
Ru
Sif Muna
Trog
Uskayaw
Vehumet
Wu Jian
Xom
Yredelemnul
Zin
The Shining One
Jiyva
Lugonu

Shops:
D:4 }   D:7 }   Orc:2 ([([   Elf:2 =   Vaults:2 =   Vaults:3 *   Depths:5 :

Portals:
Hell: Depths:1 Depths:2 Depths:3 Depths:4 Depths:5
Abyss: Crypt:1 Depths:2 Depths:3 Depths:4
Pandemonium: Depths:3 Depths:4
Ziggurat: Depths:5

Annotations:
Coc:7 Antaeus


Innate Abilities, Weirdness & Mutations

You reflexively headbutt those who attack you in melee.
You have a pair of horns on your head.
You have large cloven feet.
You are surrounded by a mild repulsion field. (EV +2)
You can translocate small distances at will.
Your magical capacity is low. (-10% MP)
You are extremely resistant to the effects of hostile enchantments. (MR+++)
You are somewhat resistant to further mutation.
Your movements are slightly less encumbered by armour. (ER -2)


Message History

There is a stone staircase leading down here.
There is a stone staircase leading up here.
You climb upwards.
There is a stone staircase leading down here.
There is a stone staircase leading up here.
You climb upwards.
There is a stone staircase leading down here.
There is a stone staircase leading up here.
You climb upwards.
There is a stone staircase leading down, spattered with blood here.
There is a stone staircase leading up here.
You climb upwards.
There is a stone staircase leading down here.
You open the door.
There is an open door here.
You see here a +0 club.
You see here a +0 club.
You see here a +0 dagger.
There is a staircase leading out of the dungeon here.
You have escaped!

.# #......######......# ##
########.....#######......#
#.........#...............#
#.#.#....#.#....#.#........
#....#..##)##..#...........
#....#..#.).#..#...........
#######.#..#..#...#..#..#..#'#...
#.....#..###.........###...#.#...
#.....##......#.@.#........#.#...
#.....####....#...#.......##.#...
#.....# #.....###....#.####.#...
#.....# #......#.....#..# #.#...
#.....# #............##.###.#...
#.....# #..##.....##..#..##.#...
......####.###.....###.##.##.#...
...........##.#...#.##.##..#.#...
.....####...###...###..#.....#...


There were no monsters in sight!

Vanquished Creatures
  A pandemonium lord (Pan)
  Cerebov (Pan)
  Asmodeus (Geh:7)
  the Royal Jelly (Slime:5)
  Gloorx Vloq (Pan)
  Lom Lobon (Pan)
  the Serpent of Hell (Dis:7)
  Mnoleg (Pan)
  Dispater (Dis:7)
  8 ancient liches
  Mennas (Vaults:2)
  4 orbs of fire
  Mara (Spider:3)
  35 greater mummies
  The ghost of Ytoud the Slayer, a veteran MiFi of Cheibriados (Vaults:3)
  10 Killer Klowns
  6 shard shrikes
  Saint Roka (Depths:5)
  4 curse toes
  Xtahua (Crypt:3)
  Geryon (Hell)
  13 golden dragons
  A profane servitor (Abyss:1)
  Jory (Crypt:2)
  10 bone dragons
  Arachne (Spider:2)
  7 doom hounds (Tar:7)
  16 Brimstone Fiends
  13 Ice Fiends
  2 electric golems (Zot:5)
  10 Tzitzimimeh
  3 iron giants
  9 liches
  Jorgrun (D:13)
  2 hellephants (Abyss:4)
  Rupert (Spider:1)
  23 tentacled monstrosities
  6 Hell Sentinels
  Frances (D:13)
  3 deep elf blademasters
  28 Orb Guardians
  7 titans (Vaults:5)
  11 acid blobs (Slime:5)
  7 quicksilver dragons
  2 deep elf master archers (Elf:3)
  18 Executioners
  A kraken (Abyss:3)
  Kirke (D:14)
  9 tentacled starspawn
  5 death cobs
  A sphinx (shapeshifter) (Vaults:2)
  14 ancient champions
  5 sphinxes
  2 thorn hunters (Swamp:4)
  Agnes (Spider:2)
  16 shadow dragons
  12 storm dragons
  A revenant (Tomb:3)
  5 azure jellies (Slime:5)
  9 tengu reavers
  4 warmongers (Pan)
  8 draconian monks
  The ghost of Uwkoecio the Severer, a journeyman HOFi of Okawaru (D:15)
  Donald (Swamp:3)
  Roxanne (D:15)
  12 frost giants
  The ghost of Vochiuc the Eclecticist, an adept DEFE of Vehumet (D:15)
  11 fire giants
  18 vault wardens
  An orc warlord (Elf:3)
  The ghost of poire the Eclecticist, an adept GrEE of Vehumet (Lair:2)
  8 ghost moths
  8 draconian scorchers
  6 iron dragons
  Louise (D:14)
  3 deep elf sorcerers
  3 ghouls (Crypt:2)
  6 draconian knights
  8 emperor scorpions
  30 balrugs
  9 draconian shifters
  8 draconian annihilators
  4 curse skulls
  12 ironheart preservers
  7 deep elf elementalists
  2 cacodemons
  8 draconian stormcallers
  A spriggan defender (Depths:3)
  4 elemental wellsprings (Coc:7)
  70 reapers
  16 war gargoyles
  24 stone giants
  2 blood saints (Pan)
  29 very ugly things
  An ophan (Abyss:5)
  3 entropy weavers
  14 green draconians
  4 bennus
  6 corrupters (Pan)
  12 lorocyprocas (Pan)
  Azrael (D:14)
  6 dire elephants
  11 red draconians
  12 vampire knights
  3 black suns (Pan)
  19 yellow draconians
  9 deep elf demonologists
  17 black draconians
  6 white draconians
  3 minotaurs
  9 deep elf annihilators
  5 spark wasps
  4 purple draconians
  21 mummy priests
  13 ettins
  2 merfolk impalers
  A merfolk javelineer (Depths:1)
  8 blizzard demons
  3 death oozes
  9 deep elf death magi
  10 green deaths
  13 eidola
  15 great orbs of eyes
  3 quicksilver dragon zombies
  A spectral kraken (Tar:7)
  3 jiangshi
  Josephine (Swamp:1)
  22 yaktaur captains
  15 fire dragons
  6 deep elf high priests
  5 quicksilver dragon skeletons
  23 ice dragons
  8 rakshasas
  2 hell beasts
  2 kraken zombies
  21 hydras
  2 monstrous demonspawn
  Harold (Lair:1)
  3 ghost crabs
  34 vault guards
  8 spriggan air magi
  7 centaur warriors
  A shambling mangrove (Swamp:2)
  A catoblepas (D:15)
  23 dancing weapons
  A queen ant (shapeshifter) (Vaults:5)
  6 death knights
  64 two-headed ogres
  15 deep troll earth magi
  22 ogre magi
  A queen ant (Spider:3)
  6 tengu warriors
  16 alligators
  94 death scarabs
  3 titan zombies
  5 vampire magi
  7 orc high priests
  A shock serpent (shapeshifter) (Vaults:5)
  8 deep troll shamans
  20 hell hogs
  33 sun demons
  9 spriggan berserkers
  10 thrashing horrors
  13 deep elf knights
  6 titan skeletons
  33 soul eaters
  The ghost of shugdite the Carver, a novice MiMo of Okawaru (D:7)
  35 hell knights
  An iron golem (Dis:7)
  6 storm dragon zombies
  108 skeletal warriors
  6 iron trolls
  10 wretched stars
  4 spatial maelstroms
  45 deep trolls
  15 sixfirhies
  8 unseen horrors
  10 anaconda zombies
  7 shadow wraiths
  5 storm dragon skeletons
  A sea snake (shapeshifter) (Depths:3)
  33 starcursed masses
  8 glowing orange brains
  A death drake (Tar:5)
  12 flayed ghosts
  An unseen horror (shapeshifter) (D:15)
  2 spriggan druids (Swamp:4)
  4 torturous demonspawn (Pan)
  5 golden dragon zombies
  A deep troll (shapeshifter) (Vaults:1)
  2 ghost moth zombies
  9 swamp dragons
  8 deep elf archers
  An infernal demonspawn (Pan)
  28 shadow demons
  12 ironbrand convokers
  An anaconda skeleton (Coc:6)
  3 wizards
  Pikel (D:9)
  6 golden dragon skeletons
  A sphinx zombie (D:15)
  20 phantasmal warriors
  16 orb spiders
  2 harpies (shapeshifter)
  4 shadow dragon zombies
  40 wolf spiders
  7 iron dragon zombies
  3 shining eyes (Slime:5)
  16 orc knights
  14 harpies
  A shining eye (shapeshifter) (Vaults:5)
  2 wolf spider zombies
  3 orc sorcerers
  2 orb spiders (shapeshifter)
  2 shadow dragon skeletons
  A salamander (Depths:1)
  5 frost giant zombies
  2 fauns (shapeshifter)
  14 fire giant zombies
  53 ugly things
  14 oklob plants
  A cyclops (shapeshifter) (Depths:5)
  32 necromancers
  46 deep elf magi
  5 iron dragon skeletons
  2 manticores
  6 stone giant zombies
  31 cyclopes
  2 worldbinders
  A moth of wrath (shapeshifter) (Depths:4)
  25 moths of wrath
  5 fire giant skeletons
  27 rust devils
  A shock serpent zombie (Geh:7)
  A black mamba (shapeshifter) (Depths:1)
  An elephant (shapeshifter) (Vaults:5)
  A human skeleton (Vaults:2)
  8 stone giant skeletons
  7 frost giant skeletons
  A titan simulacrum (Coc:7)
  A guardian serpent (shapeshifter) (D:15)
  10 vault sentinels
  2 centaur zombies (D:11)
  7 dire elephant zombies
  3 ice statues
  A gargoyle (D:14)
  4 elephants
  8 molten gargoyles (Geh:7)
  10 black mambas
  6 torpor snails
  2 catoblepas zombies
  2 guardian serpents
  24 smoke demons
  10 spectral swamp worms (Tar:7)
  2 apocalypse crabs
  2 dire elephant skeletons
  19 orange demons
  2 emperor scorpion zombies
  18 spiny frogs
  A storm dragon simulacrum (Coc:7)
  25 small abominations
  14 hellions
  A rime drake (Lair:2)
  A shock serpent skeleton (Hell)
  23 freezing wraiths
  A kobold demonologist (Abyss:2)
  20 demonic crawlers
  A white draconian zombie (Tar:7)
  A silent spectre (Abyss:2)
  8 komodo dragons
  78 yaktaurs
  4 efreet
  A purple draconian skeleton (Crypt:1)
  28 red devils
  6 anaconda simulacra
  27 tormentors
  25 ice devils
  43 guardian mummies
  2 tengu conjurers (Depths:1)
  A catoblepas skeleton (Coc:2)
  A harpy zombie (Hell)
  32 hellwings
  22 trolls
  3 meliai (Lair:4)
  30 jumping spiders
  A queen bee (shapeshifter) (Vaults:2)
  8 tyrant leeches
  10 ancient zymes
  10 hydra zombies
  A queen bee (Lair:4)
  A polar bear (shapeshifter) (Depths:2)
  13 polar bears
  12 bog bodies
  24 hornets
  Grinder (D:4)
  A death drake skeleton (Crypt:2)
  A harpy skeleton (Geh:7)
  80 slime creatures
  A hippogriff (shapeshifter) (Vaults:2)
  11 hydra skeletons
  9 blink frogs
  25 raiju
  2 raiju (shapeshifter)
  7 ettin zombies
  A satyr zombie (Crypt:1)
  2 stone giant simulacra
  5 hippogriffs
  6 ice dragon zombies
  A snapping turtle (shapeshifter) (Depths:3)
  37 large abominations
  12 water elementals
  5 fire dragon zombies
  5 alligator zombies
  A black mamba zombie (Crypt:3)
  A fire giant simulacrum (Vaults:2)
  6 ettin skeletons
  4 fire dragon skeletons
  77 flying skulls
  A centaur simulacrum (Gauntlet)
  6 spriggans
  A spriggan (shapeshifter) (Vaults:2)
  30 wraiths
  5 alligator skeletons
  7 ice dragon skeletons
  32 tarantellas
  2 humans (shapeshifter)
  2 vampires (D:12)
  79 redbacks
  6 air elementals
  15 wyverns
  7 fire bats
  45 yaks
  13 shadows
  22 ushabtiu
  7 hogs (D:14)
  2 black mamba skeletons
  16 fire elementals
  14 ynoxinuls
  5 basilisks
  10 golden eyes
  A human (D:13)
  20 vampire mosquitoes
  7 hungry ghosts
  15 chaos spawn
  2 golden eyes (shapeshifter)
  12 neqoxecs
  5 wargs
  Edmund (D:6)
  7 spiny frog zombies
  18 soldier ants (Spider:3)
  16 swamp worms
  4 acid dragons
  4 spatial vortices
  17 water moccasins
  A merfolk zombie (Geh:3)
  A floating eye (shapeshifter) (Vaults:5)
  6 floating eyes
  A porcupine (shapeshifter) (Abyss:2)
  42 hell hounds
  8 hydra simulacra
  A two-headed ogre skeleton (Crypt:2)
  4 porcupines
  A hornet zombie (D:11)
  A sky beast (shapeshifter) (Depths:4)
  7 snapping turtle zombies
  4 spiny frog skeletons
  A slave (D:9)
  An alligator simulacrum (Coc:6)
  An ettin simulacrum (Coc:7)
  40 orc warriors
  4 manticore zombies
  12 swamp drakes
  5 eyes of draining
  2 sky beasts
  11 ice beasts
  6 black bears
  11 necrophages
  69 ogres
  3 snapping turtle skeletons
  7 phantoms
  2 swamp dragon zombies
  3 swamp dragon skeletons
  7 wolves
  A dream sheep skeleton (Crypt:2)
  7 boggarts
  An elephant skeleton (Crypt:2)
  A manticore skeleton (Coc:7)
  9 crocodiles
  A rime drake zombie (Crypt:1)
  17 centaurs
  2 big kobolds
  A bullfrog (shapeshifter) (Vaults:4)
  An elf zombie (Crypt:3)
  2 gnoll sergeants
  18 bullfrogs
  A spiny frog simulacrum (Tomb:3)
  A glowing shapeshifter simulacrum (Depths:4)
  A wyvern zombie (D:10)
  3 earth elementals
  A spriggan zombie (Geh:6)
  4 wyvern skeletons (Crypt:3)
  2 hornet simulacra (Gauntlet)
  2 scorpions
  24 killer bees
  A human simulacrum (Vaults:2)
  59 wights
  7 howler monkeys
  An electric eel (Lair:2)
  2 tengu skeletons
  11 crimson imps
  4 hounds
  5 quasits
  3 human zombies
  4 centaur skeletons
  6 jellies
  A wyvern simulacrum (Gauntlet)
  4 bullfrog skeletons
  A soldier ant zombie (Crypt:1)
  A bullfrog zombie (D:10)
  39 orc priests
  10 iron imps
  Ijyb (D:3)
  27 orc wizards
  Natasha (thrice) (Temple)
  8 iguanas
  9 hell rats (Hell)
  27 worker ants
  A killer bee zombie (D:7)
  A bullfrog simulacrum (Gauntlet)
  An acid dragon skeleton (Crypt:2)
  A hound zombie (D:6)
  A naga skeleton (Geh:7)
  A hound skeleton (D:4)
  30 mummies
  A worker ant zombie (D:5)
  A howler monkey zombie (D:11)
  7 gnolls
  13 adders
  11 shadow imps
  25 white imps
  3 ufetubi (Abyss:2)
  6 oozes
  2 adder zombies
  An adder skeleton (D:5)
  A halfling skeleton (Crypt:2)
  3 worms
  2 dart slugs
  3 leopard geckos
  102 orcs
  6 giant cockroaches
  7 goblins
  7 hobgoblins
  12 jackals
  6 quokkas
  A ball python (D:4)
  10 bats
  3 frilled lizards
  A frilled lizard skeleton (Crypt:1)
  2 jackal skeletons (D:4)
  A jackal zombie (D:5)
  19 kobolds
  A quokka zombie (D:9)
  3 rats
  7 bushes
  3 fire vortices
  14 fungi
  13 plants
  15 starspawn tentacles
  5 tentacles
  4 withered plants
4640 creatures vanquished.

Vanquished Creatures (collateral kills)
  Ereshkigal (Tar:7)
  An ancient lich (Depths:2)
  A juggernaut (Depths:2)
  Sojobo (D:15)
  A curse toe (Zot:4)
  A Brimstone Fiend (Geh:7)
  2 tentacled monstrosities
  2 Ice Fiends (Coc:7)
  3 titans (Vaults:5)
  An acid blob (Slime:5)
  A sphinx (Vaults:5)
  An eldritch tentacle (Pan)
  An Executioner (Pan)
  3 tentacled starspawn (Abyss:3)
  A shadow dragon (Vaults:5)
  A vault warden (Vaults:5)
  An orc warlord (Orc:1)
  A balrug (Pan)
  11 cacodemons
  A ghost moth (Pan)
  A draconian shifter (Abyss:4)
  A warmonger (Pan)
  5 very ugly things
  A dire elephant (Abyss:4)
  A death ooze (Slime:5)
  A fire dragon (D:14)
  A spectral kraken (Tar:7)
  A great orb of eyes (Abyss:4)
  3 vault guards (D:14)
  A hydra (Swamp:4)
  An ice dragon (Depths:2)
  A centaur warrior (D:14)
  A two-headed ogre (Vaults:5)
  A deep troll shaman (Depths:2)
  A sun demon (Pan)
  3 deep troll earth magi
  A hell knight (Geh:7)
  3 thrashing horrors (Abyss:3)
  2 soul eaters
  A shadow wraith (Abyss:4)
  2 sixfirhies (Pan)
  A skeletal warrior (Dis:7)
  An anaconda zombie (Coc:7)
  2 swamp dragons (Swamp:4)
  A necromancer (Geh:7)
  An orc knight (Orc:1)
  9 large abominations
  A sphinx zombie (Depths:4)
  A shadow dragon zombie (Depths:4)
  2 anaconda skeletons
  A wolf spider (Lair:1)
  7 ugly things
  2 shining eyes (Pan)
  A moth of wrath (Zot:4)
  A dire elephant zombie (Coc:7)
  A stone giant zombie (Coc:7)
  A black mamba (Lair:3)
  An elephant (Abyss:4)
  An ice statue (IceCv)
  A molten gargoyle (Geh:7)
  A spriggan skeleton (Depths:4)
  A vault sentinel (Vaults:5)
  A dire elephant skeleton (Geh:7)
  6 smoke demons
  4 orange demons (Pan)
  An efreet (Pan)
  2 spiny frogs
  A demonic crawler (Pan)
  2 komodo dragons
  A red devil (Pan)
  An ancient zyme (Abyss:4)
  A freezing wraith (Tar:7)
  2 hellwings (Pan)
  A harpy skeleton (Geh:7)
  5 raiju
  A hornet (D:12)
  A blink frog (Abyss:3)
  2 slime creatures
  6 flying skulls
  2 starcursed masses (Abyss:4)
  2 ynoxinuls
  A fire elemental (Geh:7)
  3 golden eyes (Pan)
  2 basilisks (Lair:1)
  13 neqoxecs
  4 chaos spawn
  2 spatial vortices (Abyss:4)
  A water moccasin (Lair:3)
  2 orc warriors (Orc:1)
  A black bear (Dis:7)
  An ogre (Vaults:5)
  A necrophage (Tar:7)
  5 wolves (Lair:2)
  A quasit (Abyss:3)
  An orc wizard (Orc:1)
  5 adders (Lair:1)
  A shadow imp (Tar:7)
  5 orcs (Orc:1)
  A kobold skeleton (Geh:7)
  2 starspawn tentacles (Abyss:3)
  2 tentacles (Abyss:3)
203 creatures vanquished.

Vanquished Creatures (others)
  A deep elf master archer (Vaults:3)
  2 eldritch tentacles
  A draconian knight (Zot:3)
  A fire giant (Depths:3)
  A ghoul (Vaults:4)
  2 stone giants
  A red draconian (Zot:4)
  2 yaktaur captains
  A naga warrior (Vaults:3)
  3 centaur warriors
  An orc knight (Vaults:2)
  2 deep elf archers
  2 deep elf magi (Elf:1)
  A stone giant zombie (Geh:7)
  An ice devil (Hell)
  4 yaktaurs
  A tormentor (Geh:5)
  2 hornets (Vaults:5)
  A wraith (Geh:6)
  A human (D:8)
  8 centaurs
  A wight (Geh:2)
  2 orcs (Depths:3)
  A bush (Lair:1)
  A demonic plant (Abyss:4)
  18 fungi
  A lurking horror (Abyss:2)
  30 plants
  25 starspawn tentacles
  25 tentacles
  3 withered plants
146 creatures vanquished.

Grand Total: 4989 creatures vanquished

Notes
Turn   | Place    | Note
-------+----------+-------------------------------------------
     0 | D:1      | Nebukadnezar the Minotaur Berserker began the quest for the
                  | Orb.
     0 | D:1      | Reached XP level 1. HP: 19/19 MP: 0/0
   173 | D:1      | Reached XP level 2. HP: 22/27 MP: 1/1
   986 | D:2      | Reached skill level 1 in Stealth
   998 | D:2      | Reached XP level 3. HP: 32/33 MP: 2/2
  1473 | D:3      | Reached ** piety under Trog
  1607 | D:3      | Found a faded altar of an unknown god.
  1610 | D:3      | Reached skill level 5 in Axes
  1730 | D:3      | Reached XP level 4. HP: 40/41 MP: 3/3
  1873 | D:3      | Noticed Ijyb
  1878 | D:3      | Killed Ijyb
  1900 | D:3      | // iceblast wand
  2090 | D:4      | Found a staircase to the Ecumenical Temple.
  2090 | D:4      | Found Neavuesch's Gadget Emporium.
  2090 | D:4      | Noticed an ogre
  2091 | D:4      | Noticed a sky beast
  2091 | D:4      | Noticed an ogre
  2100 | D:4      | Noticed Grinder
  2100 | D:4      | Noticed Natasha
  2102 | D:4      | Paralysed by Grinder for 5 turns
  2119 | D:4      | Reached skill level 1 in Throwing
  2154 | Temple   | Entered the Ecumenical Temple
  2159 | Temple   | Reached XP level 5. HP: 30/47 MP: 4/4
  2276 | Temple   | Killed Natasha
  2276 | Temple   | Reached skill level 1 in Evocations
  2338 | Temple   | Noticed Natasha
  2344 | Temple   | Killed Natasha
  2440 | Temple   | Noticed Natasha
  2451 | Temple   | Killed Natasha
  2451 | Temple   | Reached skill level 5 in Fighting
  2541 | Temple   | Killed a sky beast
  2541 | Temple   | Reached XP level 6. HP: 56/56 MP: 4/6
  2573 | Temple   | // this was ugly. went down and was tp'ed. among many:
                  | 2*ogre, natasha, grinder. spent 2* tp to *not* get away
  2777 | D:4      | Reached XP level 7. HP: 62/62 MP: 7/7
  2808 | D:4      | Killed Grinder
  2998 | D:4      | Reached *** piety under Trog
  3071 | D:4      | Bought a wand of paralysis (6) for 80 gold pieces
  3262 | D:5      | Entered Level 5 of the Dungeon
  3405 | D:5      | Reached XP level 8. HP: 63/71 MP: 8/8
  4617 | D:5      | Reached skill level 10 in Axes
  4806 | D:6      | Reached **** piety under Trog
  4979 | D:6      | Noticed Edmund
  4979 | D:6      | Noticed a cyclops
  5022 | D:6      | Killed Edmund
  5022 | D:6      | Reached XP level 9. HP: 81/81 MP: 10/10
  5359 | D:6      | Killed a cyclops
  5359 | D:6      | Reached skill level 1 in Shields
  5758 | D:7      | Found Atyut's Gadget Boutique.
  5980 | D:7      | Reached skill level 5 in Armour
  6010 | D:7      | Noticed shugdite's ghost (novice MiMo)
  6013 | D:7      | Found a transporter.
  6014 | D:7      | Identified the +3 dire flail "Lalu" {drain, Str+2 Int+3}
  6014 | D:7      | Identified the +9 dire flail "Estruhyug" {flame, Int+4}
  6014 | D:7      | Noticed a two-headed ogre
  6016 | D:7      | Found a transporter.
  6320 | D:8      | Found a white marble altar of Elyvilon.
  6618 | D:8      | Found an ancient bone altar of Kikubaaqudgha.
  6636 | D:8      | Found a hazy altar of Hepliaklqana.
  6691 | D:8      | Reached ***** piety under Trog
  6874 | D:9      | Reached XP level 10. HP: 79/91 MP: 12/12
  7607 | D:9      | Noticed a two-headed ogre
  7617 | D:9      | Killed a two-headed ogre
  7643 | D:9      | Noticed Pikel
  7644 | D:9      | Reached skill level 10 in Fighting
  7676 | D:9      | Killed Pikel
  8221 | D:10     | Entered Level 10 of the Dungeon
  8264 | D:10     | Noticed an elephant
  8443 | D:10     | Found a staircase to the Orcish Mines.
  8451 | D:9      | Received a gift from Trog
  8666 | D:10     | Found a staircase to the Lair.
  8676 | Lair:1   | Entered Level 1 of the Lair of Beasts
  8677 | Lair:1   | Noticed a spiny frog
  8692 | Lair:1   | Killed a spiny frog
  8692 | Lair:1   | Reached XP level 11. HP: 101/101 MP: 13/13
  8964 | D:10     | Noticed a two-headed ogre
  9019 | D:10     | Killed a two-headed ogre
  9364 | D:10     | Reached skill level 5 in Throwing
  9571 | D:11     | Reached skill level 5 in Evocations
  9745 | D:11     | Got a crystal falchion
  9796 | D:11     | Noticed a cyan ugly thing
  9817 | D:11     | Killed a cyan ugly thing
 10737 | D:11     | Reached skill level 5 in Shields
 10856 | D:11     | Identified the +1 falchion of Disorder {freeze, +Blink rC++
                  | Int+3 Stlth-} (You found it on level 11 of the Dungeon)
 10892 | D:12     | Received a gift from Trog
 10937 | D:12     | Noticed an unseen horror
 10937 | D:12     | Noticed an unseen horror
 10939 | D:12     | Reached skill level 15 in Axes
 10948 | D:12     | Killed an unseen horror
 10962 | D:12     | Noticed an unseen horror
 10964 | D:12     | Killed an unseen horror
 10984 | D:12     | Killed an unseen horror
 10984 | D:12     | Reached XP level 12. HP: 44/110 MP: 15/15
 11009 | D:12     | Received a gift from Trog
 11128 | D:12     | Found a frozen archway.
 11163 | IceCv    | Entered an ice cave
 13631 | Lair:1   | Received a gift from Trog
 13861 | Lair:1   | Noticed Harold
 13873 | Lair:1   | Killed Harold
 14003 | Lair:1   | // got my 1st pot curing...have a +0 war axe now
 14438 | Lair:2   | Found a runed translucent door.
 14439 | Lair:2   | Noticed poire's ghost (adept GrEE)
 14515 | Lair:2   | Received a gift from Trog
 14769 | Lair:2   | Noticed a seven-headed hydra
 14777 | Lair:2   | Killed a seven-headed hydra
 14848 | Lair:3   | Reached XP level 13. HP: 119/119 MP: 5/16
 15003 | Lair:3   | Found a hole to the Spider Nest.
 15869 | Orc:1    | Entered Level 1 of the Orcish Mines
 16108 | Orc:1    | Noticed an orc warlord
 16129 | Orc:1    | Killed an orc warlord
 16141 | Orc:1    | Received a gift from Trog
 16456 | Lair:1   | // finally my broad axe
 16684 | Orc:2    | Entered Level 2 of the Orcish Mines
 17110 | Orc:2    | Received a gift from Trog
 17206 | Orc:2    | Reached skill level 10 in Armour
 17582 | Orc:2    | Found a staircase to the Elven Halls.
 17653 | Orc:2    | Found Azaicwe's Armour Boutique.
 17659 | Orc:2    | Found Daogeraq's Weapon Boutique.
 17663 | Orc:2    | Received a gift from Trog
 17674 | Orc:2    | Reached XP level 14. HP: 87/129 MP: 6/18
 17893 | Orc:2    | Found Woalor's Antique Weapon Shoppe.
 17902 | Orc:2    | Found Teoptaoga's Armour Shop.
 18385 | Orc:2    | Bought the cursed +1 storm dragon scales of Defence {rElec
                  | rN+ Str+4 Int+4 Dex+4} for 1351 gold pieces
 18519 | Lair:2   | Killed poire's ghost
 18710 | Lair:4   | Found a staircase to the Swamp.
 19190 | Lair:5   | Found a gate leading to a gauntlet.
 19205 | Gauntlet | Entered a Gauntlet
 19205 | Gauntlet | Found a transporter.
 19209 | Gauntlet | Found a transporter.
 19210 | Gauntlet | Found a transporter.
 19225 | Gauntlet | Found a transporter.
 19226 | Gauntlet | Found a transporter.
 19243 | Gauntlet | Found a transporter.
 19256 | Gauntlet | Found a transporter.
 19268 | Gauntlet | Noticed a cacodemon
 19269 | Gauntlet | Found a transporter.
 19277 | Gauntlet | Found a runed translucent door.
 19279 | Gauntlet | Found a transporter.
 19281 | Gauntlet | Found a runed translucent door.
 19294 | Gauntlet | Found a transporter.
 19306 | Gauntlet | Found a runed translucent door.
 19307 | Gauntlet | Found a transporter.
 19308 | Gauntlet | Found a runed translucent door.
 19309 | Gauntlet | Found a transporter.
 19375 | Gauntlet | Found a transporter.
 19375 | Gauntlet | Found a transporter.
 19456 | Gauntlet | Got a warped scimitar
 19623 | Gauntlet | Got a crude glass ring
 19630 | Gauntlet | Identified the ring of Oloasik {+Inv rN+ Str+2 Int+3
                  | Stlth+} (You found it in a Gauntlet)
 19679 | Gauntlet | Identified the +2 war axe of the Fray {speed, -Tele MR+++
                  | Str+2 Dex+4}
 19748 | Lair:5   | Found a staircase to the Slime Pits.
 19921 | Lair:5   | Found a bloodstained altar of Trog.
 20118 | Lair:5   | Got a translucent scale mail
 20248 | Lair:6   | Entered Level 6 of the Lair of Beasts
 20285 | Lair:6   | Received a gift from Trog
 20469 | Lair:6   | Reached skill level 10 in Shields
 20762 | Lair:6   | Found a snail-covered altar of Cheibriados.
 21165 | Lair:6   | Identified the +4 scale mail of Refuge {rC+ Str+2} (You
                  | found it on level 5 of the Lair of Beasts)
 21188 | Lair:5   | Received a gift from Trog
 21681 | D:7      | Killed shugdite's ghost
 21688 | D:7      | Reached skill level 10 in Throwing
 21908 | D:13     | Noticed Sonja
 21909 | D:13     | Noticed Sonja
 21909 | D:13     | Sonja changed into Sonja the human
 21914 | D:13     | Killed Sonja the human
 21967 | D:13     | Reached XP level 15. HP: 124/138 MP: 6/20
 22105 | D:13     | Noticed Frances
 22118 | D:13     | Killed Frances
 22241 | D:13     | Noticed Jorgrun
 22261 | D:13     | Killed Jorgrun
 22685 | D:14     | Reached skill level 5 in Dodging
 22743 | D:14     | Noticed Louise
 22774 | D:14     | Killed Louise
 22774 | D:14     | Received a gift from Trog
 22859 | D:14     | Noticed Azrael
 22867 | D:14     | Found a gate to the Vaults.
 23150 | D:14     | Killed Azrael
 23455 | D:14     | Reached ****** piety under Trog
 23598 | D:14     | Noticed Kirke
 23618 | D:14     | Killed Kirke
 23618 | D:14     | Received a gift from Trog
 23618 | D:14     | Reached skill level 15 in Fighting
 24102 | D:15     | Entered Level 15 of the Dungeon
 24222 | D:15     | Found a staircase to the Depths.
 24343 | D:15     | Received a gift from Trog
 24510 | D:15     | Noticed Roxanne
 24638 | D:15     | Found a runed translucent gate.
 24638 | D:15     | Found a runed translucent gate.
 24638 | D:15     | Found a runed translucent gate.
 24639 | D:15     | Noticed Uwkoecio's ghost (journeyman HOFi)
 24640 | D:15     | Noticed Vochiuc's ghost (adept DEFE)
 24770 | D:15     | Identified the +3 leather armour of the Sky {rPois rC+
                  | Str+2} (You found it on level 15 of the Dungeon)
 24818 | D:15     | Reached XP level 16. HP: 149/149 MP: 7/21
 24934 | D:15     | Killed Vochiuc's ghost
 24953 | D:15     | Killed Uwkoecio's ghost
 24982 | D:15     | // not boot, cloak, hat. No rpois
 25283 | D:15     | Killed Roxanne
 25553 | Swamp:1  | Entered Level 1 of the Swamp
 25851 | Swamp:1  | Noticed Josephine
 25865 | Swamp:1  | Killed Josephine
 25956 | Swamp:1  | Received a gift from Trog
 26083 | Lair:4   | // so far I had 1 (!) potion of curing
 26566 | Swamp:1  | // 1st cloak
 27787 | Swamp:3  | Noticed Donald
 27828 | Swamp:3  | Killed Donald
 27828 | Swamp:3  | Received a gift from Trog
 28067 | Swamp:3  | Reached skill level 10 in Evocations
 28175 | Swamp:4  | Entered Level 4 of the Swamp
 28275 | Swamp:4  | Noticed a thorn hunter
 28292 | Swamp:4  | Killed a thorn hunter
 28686 | Swamp:4  | // 1st boots
 28863 | Swamp:4  | Noticed a thorn hunter
 28875 | Swamp:4  | Killed a thorn hunter
 29291 | Swamp:3  | Reached XP level 17. HP: 146/158 MP: 7/23
 29759 | Swamp:4  | Received a gift from Trog
 29760 | Swamp:4  | Got an ichor-stained arbalest {god gift}
 30367 | Swamp:4  | Got a decaying rune of Zot
 30926 | Lair:1   | // still only 1 potion of curing in game and I used that a
                  | long time ago. ->0 left. This makes spider...a no go
 30980 | Spider:1 | Entered Level 1 of the Spider Nest
 31011 | Spider:1 | Reached skill level 10 in Dodging
 31750 | Spider:1 | Noticed Rupert
 31771 | Spider:1 | Killed Rupert
 31815 | Spider:1 | // 2nd potion of curing in game !
 31917 | Spider:1 | Reached skill level 15 in Armour
 32660 | Spider:2 | Noticed Agnes
 32866 | Spider:2 | Killed Agnes
 32979 | Spider:3 | Noticed Arachne
 32992 | Spider:2 | Received a gift from Trog
 33001 | Spider:2 | Killed Arachne
 33530 | Spider:3 | Noticed Mara
 33551 | Spider:3 | Noticed Nebukadnezar's illusion
 33823 | Spider:3 | Killed Mara
 33823 | Spider:3 | Reached XP level 18. HP: 169/169 MP: 8/24
 34210 | Spider:3 | Received a gift from Trog
 34358 | Spider:4 | Entered Level 4 of the Spider Nest
 34805 | Spider:4 | Received a gift from Trog
 35062 | Spider:4 | Reached skill level 15 in Shields
 35420 | Spider:4 | Got a gossamer rune of Zot
 35436 | Spider:4 | // still no rpois except for sda
 36416 | Lair:1   | Identified a scroll of acquirement
 36429 | Lair:1   | Identified a +1 pair of boots of running (You acquired it
                  | on level 1 of the Lair of Beasts)
 36561 | Vaults:1 | Entered Level 1 of the Vaults
 36824 | Vaults:1 | Received a gift from Trog
 37369 | Vaults:1 | Reached XP level 19. HP: 157/179 MP: 9/27
 37701 | Vaults:1 | Received a gift from Trog
 38216 | Vaults:2 | Received a gift from Trog
 38819 | Vaults:2 | Noticed Mennas
 38843 | Vaults:2 | Killed Mennas
 38843 | Vaults:2 | Received a gift from Trog
 39334 | Vaults:2 | Found Meahec's Jewellery Shoppe.
 40184 | Vaults:2 | Received a gift from Trog
 40708 | Vaults:3 | Found Guqehose's Assorted Antiques.
 40720 | Vaults:3 | Bought a shimmering steel ring for 140 gold pieces
 40720 | Vaults:3 | Identified the ring of Elaprieh {-Tele rPois rN+ MR+} (You
                  | bought it in a shop on level 3 of the Vaults)
 40721 | Vaults:3 | Bought a glowing cloak for 210 gold pieces
 40745 | Vaults:3 | Bought a fine ring mail for 252 gold pieces
 40745 | Vaults:3 | Identified the +1 ring mail of Youthful Indiscretion {+Inv
                  | SInv} (You bought it in a shop on level 3 of the Vaults)
 40901 | Vaults:3 | Reached XP level 20. HP: 189/189 MP: 9/28
 41338 | Vaults:3 | Found a runed translucent gate.
 41338 | Vaults:3 | Found a runed translucent gate.
 41338 | Vaults:3 | Found a runed translucent gate.
 41339 | Vaults:3 | Noticed Ytoud's ghost (veteran MiFi)
 41341 | Vaults:3 | Found an iron altar of Okawaru.
 41520 | Vaults:3 | Found a staircase to the Crypt.
 41739 | Vaults:3 | Found a portal to a secret trove of treasure.
 41986 | Vaults:4 | Received a gift from Trog
 42718 | Vaults:4 | Received a gift from Trog
 42921 | Vaults:4 | Received a gift from Trog
 43305 | Vaults:4 | Received a gift from Trog
 43435 | Vaults:4 | Received a gift from Trog
 45529 | Vaults:3 | Killed Ytoud's ghost
 45859 | Elf:1    | Entered Level 1 of the Elven Halls
 46135 | Elf:1    | Received a gift from Trog
 46281 | Elf:1    | Received a gift from Trog
 46297 | Elf:1    | Reached XP level 21. HP: 191/198 MP: 9/29
 46317 | Elf:1    | Received a gift from Trog
 46542 | Elf:1    | Identified the Guide on Companions
 46600 | Elf:2    | Found Utyzxaar's Jewellery Shop.
 46605 | Elf:2    | Bought an uncursed amulet of regeneration for 420 gold
                  | pieces
 46888 | Elf:2    | Found a radiant altar of Vehumet.
 47079 | Elf:2    | Found a huge runed translucent gate.
 47079 | Elf:2    | Found a huge runed translucent gate.
 47079 | Elf:2    | Found a huge runed translucent gate.
 47084 | Elf:2    | Found a huge runed translucent gate.
 47084 | Elf:2    | Found a huge runed translucent gate.
 47227 | Elf:3    | Entered Level 3 of the Elven Halls
 47842 | Elf:3    | Reached skill level 15 in Dodging
 47925 | Elf:3    | Received a gift from Trog
 48281 | Elf:3    | Identified the Disquisition on the Mountains and Shape
                  | Shifting
 49425 | Elf:3    | Got an ichor-stained fustibalus
 49555 | Elf:3    | // N+++, elec, pois, mr++ and that's it
 49555 | Elf:3    | Identified the cursed +1 fustibalus "Zieczuz" {flame,
                  | rElec} (You found it on level 3 of the Elven Halls)
 49868 | Depths:1 | Entered Level 1 of the Depths
 50082 | Depths:1 | Noticed Sojobo
 50083 | Depths:1 | Cast into level 2 of the Abyss (merfolk impaler)
 50084 | Abyss:2  | // well....I should have paid attention
 50197 | Abyss:2  | Got a faintly glowing granite ring
 50198 | Abyss:2  | Identified the ring of Xemnalee {+Fly rF+ Stlth+} (You
                  | found it on level 2 of the Abyss)
 50277 | Abyss:2  | Received a gift from Trog
 50298 | Depths:1 | Escaped the Abyss
 50340 | D:15     | Killed Sojobo
 50848 | Depths:1 | Reached XP level 22. HP: 198/209 MP: 10/30
 50957 | Depths:1 | Received a gift from Trog
 51252 | Depths:1 | Found a gateway to Hell.
 51594 | Depths:2 | Noticed an ancient lich
 51605 | Depths:2 | Killed an ancient lich
 51605 | Depths:2 | Received a gift from Trog
 51856 | Depths:1 | // what a depressing game compared to oka (+equipment)
 52013 | Depths:2 | Identified the Tome of Ghastly Earth
 52068 | Depths:2 | Found an iron altar of Okawaru.
 52483 | Depths:2 | Received a gift from Trog
 52529 | Depths:2 | Identified the +8 hand axe of Cugaxku {freeze, rElec Int+3
                  | Dex+3} (Trog gifted it to you on level 2 of the Depths)
 52606 | Depths:2 | Noticed a juggernaut
 52616 | Depths:2 | Killed a juggernaut
 52723 | Depths:2 | Reached skill level 15 in Throwing
 52890 | Depths:2 | Found a one-way gate to the infinite horrors of the Abyss.
 53025 | Depths:3 | Received a gift from Trog
 53065 | Depths:3 | Found a radiant altar of Vehumet.
 53067 | Depths:3 | Found the +4 dagger "Morg" {pain, MR+ Int+5}
 53166 | Depths:3 | Identified the ring "Kiero" {Wiz rElec rPois rN+} (You
                  | found it on level 3 of the Depths)
 53334 | Depths:3 | Identified the ring of Fuettoo {rElec rC+} (You found it on
                  | level 3 of the Depths)
 53349 | Depths:3 | Found a one-way gate leading to the halls of Pandemonium.
 53358 | Depths:3 | Received a gift from Trog
 53547 | Depths:3 | Noticed a golden dragon
 53559 | Depths:3 | Killed a golden dragon
 53714 | Depths:3 | Reached XP level 23. HP: 217/217 MP: 10/31
 53725 | Depths:3 | Identified the ring of the Ancient Wars {Wiz rElec SInv}
                  | (You found it on level 3 of the Depths)
 53792 | Depths:3 | Found a hide-covered altar of Uskayaw.
 53816 | Depths:3 | Found the +0 staff of Battle
 53832 | Depths:3 | Received a gift from Trog
 53982 | Depths:3 | Received a gift from Trog
 54028 | Depths:3 | Identified the ring "Holexzie" {rCorr Str+4}
 54215 | Depths:4 | Received a gift from Trog
 54992 | Depths:3 | // got a shield of resistance and cloak of mr.
 55013 | Depths:4 | Found a corrupted altar of Lugonu.
 55048 | Depths:4 | Found a transporter.
 55049 | Depths:4 | Found a transporter.
 55271 | Depths:5 | Entered Level 5 of the Depths
 55309 | Depths:4 | Received a gift from Trog
 55619 | Depths:4 | Received a gift from Trog
 55877 | Depths:5 | Found a gateway to a ziggurat.
 55946 | Depths:5 | Received a gift from Trog
 55970 | Depths:5 | Identified the cursed +0 pair of boots "Cyhivil" {rF++ rN+
                  | rCorr} (You found it on level 5 of the Depths)
 55990 | Depths:5 | Noticed Saint Roka
 56008 | Depths:5 | Killed Saint Roka
 56066 | Depths:5 | Found Micefin's Book Shoppe.
 56095 | Depths:5 | Received a gift from Trog
 56105 | Depths:5 | Identified the +8 battleaxe of Trog's Esteem {flame, Str+6}
                  | (Trog gifted it to you on level 5 of the Depths)
 56302 | Depths:5 | Reached XP level 24. HP: 227/231 MP: 10/31
 56316 | Depths:5 | Found a gate to the Realm of Zot.
 57538 | Depths:4 | Paralysed by an apocalypse crab for 2 turns
 57579 | Depths:4 | Got a twitching steel amulet
 57606 | Depths:4 | Identified the amulet "Sahe" {Gourm Int+3 SInv} (You found
                  | it on level 4 of the Depths)
 58010 | Vaults:5 | Entered Level 5 of the Vaults
 58055 | Vaults:5 | Found the +8 trident of the Octopus King {venom, rElec
                  | rPois MR+}
 58501 | Vaults:5 | Identified the +6 long sword of the Ancients {freeze,
                  | *Corrode rPois rN+ Int+2}
 58517 | Vaults:5 | Reached skill level 5 in Stealth
 58802 | Vaults:5 | Received a gift from Trog
 59102 | Vaults:5 | Identified the Tome of Arcane Weapons and Translocation
 59107 | Vaults:5 | Found the +6 shillelagh "Devastator" {shatter}
 59127 | Vaults:5 | Got a silver rune of Zot
 59265 | Vaults:5 | Reached XP level 25. HP: 232/243 MP: 10/31
 59434 | Vaults:5 | Received a gift from Trog
 59606 | Vaults:5 | Identified the Reference Book on Burning Boosts
 59783 | Vaults:5 | Identified the +2 pair of gloves of Puatt {rElec} (You
                  | found it on level 5 of the Vaults)
 61228 | Zot:1    | Entered Level 1 of the Realm of Zot
 61991 | Zot:1    | Received a gift from Trog
 62427 | Zot:1    | Reached skill level 10 in Stealth
 63752 | Zot:2    | Identified the +6 war axe of Sulphur {freeze, Fragile
                  | Dex+5} (You found it on level 2 of the Realm of Zot)
 63866 | Zot:2    | Reached XP level 26. HP: 249/255 MP: 10/31
 64083 | Zot:2    | Received a gift from Trog
 65288 | Zot:3    | Identified the cursed -1 pair of boots of Wyvimag {rN++
                  | Str+5} (You found it on level 3 of the Realm of Zot)
 65698 | Zot:4    | Identified the +9 scale mail of Joofaxob {rPois Int+3} (You
                  | found it on level 4 of the Realm of Zot)
 65722 | Zot:4    | Received a gift from Trog
 66143 | Zot:4    | Noticed an orb of fire
 66150 | Zot:4    | Gained mutation: You are partially covered in iridescent
                  | scales. (AC +2) [an orb of fire]
 66154 | Zot:4    | Gained mutation: Your magical capacity is low. (-10% MP)
                  | [an orb of fire]
 66156 | Zot:4    | Gained mutation: Your muscles are strong. (Str +2) [an orb
                  | of fire]
 66157 | Zot:4    | Killed an orb of fire
 66771 | Zot:5    | Entered Level 5 of the Realm of Zot
 67095 | Zot:5    | Reached XP level 27. HP: 239/268 MP: 9/28
 67211 | Zot:5    | Received a gift from Trog
 67273 | Zot:5    | Noticed an orb of fire
 67285 | Zot:5    | Gained mutation: You are clumsy. (Dex -2) [an orb of fire]
 67290 | Zot:5    | Gained mutation: You occasionally shout uncontrollably at
                  | your foes. [an orb of fire]
 67294 | Zot:5    | Killed an orb of fire
 67297 | Zot:5    | Noticed an ancient lich
 67299 | Zot:5    | Killed an ancient lich
 67302 | Zot:5    | Noticed an orb of fire
 67320 | Zot:5    | Killed an orb of fire
 67372 | Zot:5    | Noticed an ancient lich
 67379 | Zot:5    | Killed an ancient lich
 67402 | Zot:5    | Noticed an orb of fire
 67407 | Zot:5    | Gained mutation: Armour fits poorly on your strangely
                  | shaped body. [an orb of fire]
 67408 | Zot:5    | Gained mutation: You sometimes yell uncontrollably at your
                  | foes. [an orb of fire]
 67413 | Zot:5    | Gained mutation: You are very clumsy. (Dex -4) [an orb of
                  | fire]
 67418 | Zot:5    | Killed an orb of fire
 67419 | Zot:5    | Noticed an ancient lich
 67429 | Zot:5    | Killed an ancient lich
 67603 | Zot:5    | Noticed an ancient lich
 67609 | Zot:5    | Killed an ancient lich
 68054 | Zot:5    | Noticed an ancient lich
 68087 | Zot:5    | Killed an ancient lich
 68208 | Zot:5    | Received a gift from Trog
 68355 | Zot:5    | Reached skill level 27 in Fighting
 68355 | Zot:5    | Reached skill level 27 in Axes
 69139 | Lair:1   | Lost mutation: Your magical capacity is low. (-10% MP)
                  | [potion of mutation]
 69139 | Lair:1   | Lost mutation: Armour fits poorly on your strangely shaped
                  | body. [potion of mutation]
 69139 | Lair:1   | Lost mutation: You are very clumsy. (Dex -4) [potion of
                  | mutation]
 69139 | Lair:1   | Gained mutation: You are surrounded by a mild repulsion
                  | field. (EV +2) [potion of mutation]
 69139 | Lair:1   | Gained mutation: You evolve. [potion of mutation]
 69139 | Lair:1   | Gained mutation: Your spells are a little harder to cast,
                  | but a little more powerful. [potion of mutation]
 69295 | Temple   | Fell from the grace of Trog
 69295 | Temple   | Became a worshipper of the Shining One
 69315 | Temple   | Learned a level 1 spell: Apportation
 69318 | Temple   | Learned a level 2 spell: Blink
 69325 | Temple   | Learned a level 6 spell: Statue Form
 69327 | Temple   | Learned a level 1 spell: Summon Butterflies
 69331 | Temple   | Learned a level 3 spell: Portal Projectile
 69336 | Temple   | Learned a level 4 spell: Summon Lightning Spire
 69691 | Crypt:1  | Entered Level 1 of the Crypt
 69751 | Crypt:1  | Reached skill level 1 in Invocations
 69770 | Crypt:1  | Reached * piety under the Shining One
 69810 | Crypt:1  | Reached ** piety under the Shining One
 69888 | Crypt:1  | Found a shimmering altar of Xom.
 69939 | Crypt:1  | Reached *** piety under the Shining One
 70371 | Crypt:2  | Noticed Jory
 70373 | Crypt:2  | Reached **** piety under the Shining One
 70390 | Crypt:2  | Killed Jory
 70496 | Crypt:2  | Reached skill level 5 in Invocations
 70532 | Crypt:2  | Reached ***** piety under the Shining One
 71105 | Crypt:3  | Entered Level 3 of the Crypt
 71309 | Crypt:3  | Reached ****** piety under the Shining One
 71414 | Crypt:3  | Identified a +6 broad axe of holy wrath (a +4 broad axe of
                  | chopping blessed by the Shining One)
 71414 | Crypt:3  | Received a gift from the Shining One
 71496 | Crypt:3  | Noticed Xtahua
 71509 | Crypt:3  | Killed Xtahua
 71597 | Crypt:3  | Found a staircase to the Tomb.
 71597 | Crypt:3  | Noticed a greater mummy
 71625 | Crypt:3  | Killed a greater mummy
 71967 | Crypt:3  | Found an ancient bone altar of Kikubaaqudgha.
 72091 | Crypt:3  | Noticed an ancient lich
 72106 | Crypt:3  | Killed an ancient lich
 72119 | Crypt:3  | Identified the Reference Book on Flamy Confrontation
 72368 | Crypt:3  | Identified Wunlodui's Compendium of Flying Envenoming
 73171 | Hell     | Entered the Vestibule of Hell
 73171 | Hell     | Noticed Geryon
 73189 | Hell     | Killed Geryon
 73189 | Hell     | Reached skill level 10 in Invocations
 73390 | Hell     | Found a gateway to the decaying netherworld of Tartarus.
 73486 | Hell     | Found a gateway to the freezing wastes of Cocytus.
 73572 | Hell     | Found a gateway to the Iron City of Dis.
 73714 | Hell     | Found a gateway to the ashen valley of Gehenna.
 74243 | Elf:2    | Lost mutation: Your muscles are strong. (Str +2)
                  | [evolution]
 74822 | Vaults:3 | Bought a scroll of identify for 56 gold pieces
 74822 | Vaults:3 | Bought a scroll of teleportation for 84 gold pieces
 74822 | Vaults:3 | Bought a potion of heal wounds for 140 gold pieces
 74878 | Vaults:2 | Bought a +3 ring of slaying for 765 gold pieces
 75146 | D:4      | Bought a wand of acid (7) for 220 gold pieces
 75146 | D:4      | Bought a wand of iceblast (6) for 100 gold pieces
 75146 | D:4      | Bought a sack of spiders for 200 gold pieces
 75216 | D:7      | Bought a sack of spiders for 280 gold pieces
 75216 | D:7      | Bought a box of beasts for 280 gold pieces
 75216 | D:7      | Bought a sack of spiders for 280 gold pieces
 75216 | D:7      | Bought a wand of scattershot (5) for 378 gold pieces
 75216 | D:7      | Bought a wand of paralysis (8) for 140 gold pieces
 75341 | Orc:2    | Bought the cursed +0 pair of gloves of Impermeability
                  | {Int+7} for 278 gold pieces
 75996 | Depths:2 | Voluntarily entered the Abyss.
 76017 | Abyss:1  | Found a viscous altar of Jiyva.
 76449 | Abyss:2  | Reached skill level 15 in Invocations
 76496 | Abyss:2  | Found a basalt altar of Yredelemnul.
 76843 | Abyss:2  | Lost mutation: Your spells are a little harder to cast, but
                  | a little more powerful. [a neqoxec]
 77025 | Abyss:3  | Found a corrupted altar of Lugonu.
 77291 | Abyss:4  | Found a viscous altar of Jiyva.
 77329 | Abyss:4  | Found a runed translucent door.
 77329 | Abyss:4  | Found a runed translucent door.
 77329 | Abyss:4  | Found a runed translucent door.
 77329 | Abyss:4  | Found a runed translucent door.
 77329 | Abyss:4  | Found a runed translucent door.
 77329 | Abyss:4  | Found a runed translucent door.
 77329 | Abyss:4  | Found a runed translucent door.
 77330 | Abyss:4  | Found a runed translucent door.
 77331 | Abyss:4  | Found a runed translucent door.
 77339 | Abyss:4  | Found a runed translucent door.
 77361 | Abyss:4  | Found a runed translucent door.
 77366 | Abyss:4  | Found a runed translucent door.
 77372 | Abyss:4  | Found a runed translucent door.
 77396 | Abyss:4  | Found a runed translucent door.
 77396 | Abyss:4  | Found a runed translucent door.
 77399 | Abyss:4  | Found a corrupted altar of Lugonu.
 77403 | Abyss:4  | Found a runed translucent door.
 77436 | Abyss:4  | Got an abyssal rune of Zot
 77440 | Abyss:4  | Found a runed translucent door.
 77448 | Abyss:4  | Found a runed translucent door.
 77454 | Abyss:4  | Found a runed translucent door.
 77455 | Abyss:4  | Found a runed translucent door.
 77458 | Abyss:4  | Found a runed translucent door.
 77475 | Abyss:4  | Found a runed translucent door.
 77476 | Abyss:4  | Found a runed translucent door.
 77523 | Abyss:4  | Found a runed translucent door.
 77524 | Abyss:4  | Found a runed translucent door.
 77524 | Abyss:4  | Found a runed translucent door.
 77525 | Abyss:4  | Found a runed translucent door.
 77526 | Abyss:4  | Found a runed translucent door.
 77527 | Abyss:4  | Found a runed translucent door.
 77528 | Abyss:4  | Found a runed translucent door.
 77554 | Abyss:4  | Found a runed translucent door.
 77571 | Abyss:4  | Gained mutation: Armour fits poorly on your strangely
                  | shaped body. [a neqoxec]
 77589 | Abyss:4  | Found a runed translucent door.
 77589 | Abyss:4  | Found a runed translucent door.
 77591 | Abyss:4  | Found a runed translucent door.
 77718 | Abyss:4  | Found a corrupted altar of Lugonu.
 77804 | Depths:2 | Escaped the Abyss
 78048 | Vaults:3 | You showed the abyssal rune of Zot to enter a treasure
                  | trove
 78049 | Trove    | Entered a treasure trove
 78082 | Trove    | // evo
 78315 | Depths:5 | Bought a book of Spatial Translocations for 975 gold pieces
 78320 | Depths:5 | Learned a level 4 spell: Passage of Golubria
 78712 | Slime:1  | Entered Level 1 of the Pits of Slime
 78752 | Slime:5  | Entered Level 5 of the Pits of Slime
 78852 | Slime:5  | Noticed the Royal Jelly
 78903 | Slime:5  | Found a viscous altar of Jiyva.
 78999 | Slime:5  | Killed the Royal Jelly
 79021 | Slime:5  | Got a steaming bronze ring
 79050 | Slime:5  | Identified Jeokh's Collected Works on Ice and Flames
 79066 | Slime:5  | Identified the Grimoire of Attacks and the Frostbite
 79090 | Slime:5  | Got a slimy rune of Zot
 79091 | Slime:5  | Identified the Almanac of the Dark Traveller
 79431 | Hell     | Identified the ring "Wutisam" {+Fly rElec MR+} (You found
                  | it on level 5 of the Pits of Slime)
 79479 | Geh:1    | Entered Level 1 of Gehenna
 79593 | Geh:3    | Reached skill level 1 in Translocations
 79603 | Geh:3    | Reached skill level 1 in Spellcasting
 79798 | Geh:7    | Entered Level 7 of Gehenna
 80090 | Geh:7    | Reached skill level 5 in Translocations
 80269 | Geh:7    | Got a transparent silver ring
 80272 | Geh:7    | Got a shimmering silver ring
 80274 | Geh:7    | Identified the Guide on the Scorching Escort
 80288 | Geh:7    | Identified the ring "Quorrumo" {rC- rN+++ Int+4 Dex+6} (You
                  | found it on level 7 of Gehenna)
 80289 | Geh:7    | Identified the ring of Baubetaz {rElec MP+9} (You found it
                  | on level 7 of Gehenna)
 80308 | Geh:7    | Identified the +7 sceptre of Asmodeus
 80308 | Geh:7    | Noticed Asmodeus
 80317 | Geh:7    | Reached skill level 5 in Spellcasting
 80319 | Geh:7    | Killed Asmodeus
 80332 | Geh:7    | Got an obsidian rune of Zot
 80557 | Dis:1    | Entered Level 1 of the Iron City of Dis
 81002 | Dis:7    | Entered Level 7 of the Iron City of Dis
 81335 | Dis:7    | Noticed the Serpent of Hell
 81366 | Dis:7    | Killed the Serpent of Hell
 81442 | Dis:7    | // haste+might+javelin vs. sepent
 81502 | Dis:7    | Reached skill level 1 in Transmutations
 81502 | Dis:7    | Reached skill level 1 in Earth Magic
 81516 | Dis:7    | Reached skill level 1 in Summonings
 81524 | Dis:7    | Reached skill level 1 in Air Magic
 82233 | Dis:7    | Identified the +5 large shield of Noon {rPois rC+ Dex-2
                  | SInv}
 82358 | Dis:7    | Identified the +4 staff of Dispater
 82358 | Dis:7    | Noticed Dispater
 82379 | Dis:7    | Killed Dispater
 82417 | Dis:7    | Got an iron rune of Zot
 82633 | Hell     | Learned a level 9 spell: Shatter
 82661 | Tar:1    | Entered Level 1 of Tartarus
 82668 | Tar:1    | Gained mutation: You have a pair of large horns on your
                  | head. [evolution]
 82708 | Tar:3    | Reached skill level 5 in Transmutations
 82708 | Tar:3    | Reached skill level 5 in Earth Magic
 82872 | Tar:6    | Reached skill level 5 in Summonings
 82877 | Tar:7    | Entered Level 7 of Tartarus
 83181 | Tar:7    | Found the +7 great mace "Undeadhunter" {disrupt, rN+}
 83243 | Tar:7    | Got a faintly glowing jade amulet
 83259 | Tar:7    | Identified the amulet of Limitation {Faith Str+4} (You
                  | found it on level 7 of Tartarus)
 83270 | Tar:7    | Learned a level 3 spell: Lesser Beckoning
 83458 | Tar:7    | Got a transparent golden ring
 83461 | Tar:7    | Identified the ring "Fokuqe Kekk" {+Blink Dex+3 SInv} (You
                  | found it on level 7 of Tartarus)
 83541 | Tar:7    | Noticed Ereshkigal
 83552 | Tar:7    | Killed Ereshkigal
 83604 | Tar:7    | Got a bone rune of Zot
 83680 | Tar:7    | Reached skill level 10 in Earth Magic
 83882 | Coc:1    | Entered Level 1 of Cocytus
 83948 | Coc:2    | Was forgiven by Trog
 84232 | Coc:5    | You fall into a shaft and drop 1 floor!
 84300 | Coc:6    | Gained mutation: Your magical capacity is low. (-10% MP)
                  | [mutagenic glow]
 84304 | Coc:7    | Entered Level 7 of Cocytus
 85002 | Coc:7    | Noticed Antaeus
 85319 | Coc:7    | Reached skill level 15 in Earth Magic
 85392 | Coc:7    | // running from him <-few res. left>
                  | ERROR: string above had unterminated tag
 85646 | Coc:7    | Got an icy rune of Zot
 85654 | Coc:7    | // rune ninja
 85774 | Hell     | // gda: 39 13 19
 85785 | Hell     | // qda: 24 21 19
 86256 | Pan      | Entered Pandemonium
 86619 | Pan      | Noticed Zudiak the pandemonium lord
 86634 | Pan      | Killed Zudiak the pandemonium lord
 86649 | Pan      | Reached skill level 10 in Spellcasting
 86813 | Pan      | Found a runed translucent door.
 86829 | Pan      | Got a demonic rune of Zot
 87361 | Pan      | Entered the realm of Mnoleg.
 87413 | Pan      | Paralysed by a floating eye for 3 turns
 87820 | Pan      | Noticed Mnoleg
 87829 | Pan      | Killed Mnoleg
 87873 | Pan      | Gained mutation: You are dopey. (Int -2) [a neqoxec]
 87882 | Pan      | Got a glowing rune of Zot
 88080 | Pan      | Found a runed translucent door.
 88098 | Pan      | Paralysed by accursed screaming for 1 turns
 88139 | Depths:3 | Escaped Pandemonium
 88142 | Pan      | Entered Pandemonium
 88207 | Pan      | Entered the realm of Gloorx Vloq.
 88596 | Pan      | Gained mutation: You have large cloven feet. [evolution]
 89121 | Pan      | Noticed Gloorx Vloq
 89133 | Pan      | Killed Gloorx Vloq
 89157 | Pan      | Got a dark rune of Zot
 89303 | Pan      | Entered the realm of Cerebov.
 89357 | Pan      | Found an exit through the horrors of the Abyss.
 89671 | Pan      | Identified the amulet "Puost" {RegenMP rElec Str+2 Dex+3}
                  | (You found it in Pandemonium)
 90030 | Pan      | Got a shimmering pewter amulet
 90031 | Pan      | Identified the amulet of the Turtledove {Reflect MR+ SH+5}
                  | (You found it in Pandemonium)
 90062 | Pan      | Identified the ring "Pionami" {EV+4 Int+5} (You found it in
                  | Pandemonium)
 90082 | Pan      | Identified the ring "Xacuess" {rF- MR+ Int+3 Dex+5} (You
                  | found it in Pandemonium)
 90118 | Pan      | Identified the +6 sword of Cerebov {flame}
 90118 | Pan      | Noticed Cerebov
 90139 | Pan      | Killed Cerebov
 90279 | Pan      | Got a fiery rune of Zot
 90435 | Pan      | Noticed Jyuvve the pandemonium lord
 90442 | Pan      | Found an exit through the horrors of the Abyss.
 90605 | Pan      | Entered the realm of Lom Lobon.
 91201 | Pan      | Noticed Lom Lobon
 91222 | Pan      | Killed Lom Lobon
 91232 | Pan      | Got a magical rune of Zot
 91332 | Depths:3 | Escaped Pandemonium
 91394 | Hell     | Lost mutation: You have a pair of large horns on your head.
                  | [potion of mutation]
 91394 | Hell     | Lost mutation: You are surrounded by a mild repulsion
                  | field. (EV +2) [potion of mutation]
 91394 | Hell     | Lost mutation: Armour fits poorly on your strangely shaped
                  | body. [potion of mutation]
 91394 | Hell     | Lost mutation: You have large cloven feet. [potion of
                  | mutation]
 91394 | Hell     | Gained mutation: You have large cloven feet. [potion of
                  | mutation]
 91394 | Hell     | Gained mutation: You are resistant to hostile enchantments.
                  | (MR+) [potion of mutation]
 91493 | Hell     | Lost mutation: You are partially covered in iridescent
                  | scales. (AC +2) [potion of mutation]
 91493 | Hell     | Lost mutation: You are clumsy. (Dex -2) [potion of
                  | mutation]
 91493 | Hell     | Lost mutation: You sometimes yell uncontrollably at your
                  | foes. [potion of mutation]
 91493 | Hell     | Gained mutation: You are highly resistant to hostile
                  | enchantments. (MR++) [potion of mutation]
 91493 | Hell     | Gained mutation: Your magical capacity is very low. (-20%
                  | MP) [potion of mutation]
 91493 | Hell     | Gained mutation: Your movements are slightly less
                  | encumbered by armour. (ER -2) [potion of mutation]
 91494 | Hell     | Lost mutation: You are dopey. (Int -2) [potion of mutation]
 91494 | Hell     | Lost mutation: You occasionally shout uncontrollably at
                  | your foes. [potion of mutation]
 91494 | Hell     | Gained mutation: You are extremely resistant to the effects
                  | of hostile enchantments. (MR+++) [potion of mutation]
 91495 | Hell     | Lost mutation: Your magical capacity is very low. (-20% MP)
                  | [potion of mutation]
 91495 | Hell     | Lost mutation: You evolve. [potion of mutation]
 91495 | Hell     | Gained mutation: You can translocate small distances at
                  | will. [potion of mutation]
 91495 | Hell     | Gained mutation: You are surrounded by a mild repulsion
                  | field. (EV +2) [potion of mutation]
 91495 | Hell     | Gained mutation: You are somewhat resistant to further
                  | mutation. [potion of mutation]
 91885 | Tomb:1   | Entered Level 1 of the Tomb of the Ancients
 92342 | Tomb:1   | Noticed an ancient lich
 92350 | Tomb:1   | Noticed a greater mummy
 92351 | Tomb:1   | Killed an ancient lich
 92361 | Tomb:1   | Killed a greater mummy
 92766 | Tomb:1   | Noticed a greater mummy
 92774 | Tomb:1   | Killed a greater mummy
 92965 | Tomb:1   | Noticed a greater mummy
 92974 | Tomb:1   | Killed a greater mummy
 92975 | Tomb:1   | Noticed a greater mummy
 92979 | Tomb:1   | Killed a greater mummy
 92981 | Tomb:1   | Noticed a greater mummy
 92990 | Tomb:1   | Killed a greater mummy
 92998 | Tomb:1   | Noticed a greater mummy
 92998 | Tomb:1   | Noticed a greater mummy
 93010 | Tomb:1   | Killed a greater mummy
 93015 | Tomb:1   | Killed a greater mummy
 93071 | Tomb:1   | Noticed a greater mummy
 93077 | Tomb:1   | Killed a greater mummy
 93086 | Tomb:1   | Noticed a greater mummy
 93091 | Tomb:1   | Killed a greater mummy
 93091 | Tomb:1   | Noticed a greater mummy
 93100 | Tomb:1   | Killed a greater mummy
 93196 | Tomb:1   | Noticed a greater mummy
 93197 | Tomb:1   | Noticed a greater mummy
 93202 | Tomb:1   | Noticed a greater mummy
 93203 | Tomb:1   | Killed a greater mummy
 93209 | Tomb:1   | Killed a greater mummy
 93211 | Tomb:1   | Noticed a greater mummy
 93218 | Tomb:1   | Killed a greater mummy
 93225 | Tomb:1   | Noticed a greater mummy
 93227 | Tomb:1   | Noticed a greater mummy
 93230 | Tomb:1   | Killed a greater mummy
 93396 | Tomb:1   | Noticed a greater mummy
 93405 | Tomb:1   | Killed a greater mummy
 93470 | Tomb:1   | Killed a greater mummy
 93493 | Tomb:1   | Noticed a greater mummy
 93495 | Tomb:1   | Noticed a greater mummy
 93496 | Tomb:1   | Noticed a greater mummy
 93500 | Tomb:1   | Noticed a greater mummy
 93503 | Tomb:1   | Killed a greater mummy
 93504 | Tomb:1   | Killed a greater mummy
 93507 | Tomb:1   | Noticed a greater mummy
 93784 | Tomb:1   | Killed a greater mummy
 93799 | Tomb:1   | Noticed a greater mummy
 93809 | Tomb:1   | Killed a greater mummy
 93813 | Tomb:1   | Killed a greater mummy
 93844 | Tomb:1   | Noticed a greater mummy
 93850 | Tomb:1   | Killed a greater mummy
 93859 | Tomb:1   | Killed a greater mummy
 93859 | Tomb:1   | Noticed a greater mummy
 93867 | Tomb:1   | Noticed a greater mummy
 93868 | Tomb:1   | Killed a greater mummy
 93871 | Tomb:1   | Killed a greater mummy
 93876 | Tomb:1   | Killed a greater mummy
 94140 | Tomb:2   | Cast into level 5 of the Abyss (the power of Zot)
 94140 | Abyss:5  | Entered Level 5 of the Abyss
 94294 | Abyss:5  | Paralysed by accursed screaming for 1 turns
 94472 | Abyss:5  | Found a corrupted altar of Lugonu.
 94522 | Tomb:2   | Escaped the Abyss
 94608 | Tomb:3   | Entered Level 3 of the Tomb of the Ancients
 94627 | Tomb:3   | Noticed a greater mummy
 94628 | Tomb:3   | Noticed an ancient lich
 94630 | Tomb:3   | Noticed a greater mummy
 94632 | Tomb:3   | Killed an ancient lich
 94634 | Tomb:3   | Killed a greater mummy
 94636 | Tomb:3   | Killed a greater mummy
 94664 | Tomb:3   | Noticed a greater mummy
 94665 | Tomb:3   | Noticed a greater mummy
 94665 | Tomb:3   | Noticed a greater mummy
 94669 | Tomb:3   | Noticed a greater mummy
 94671 | Tomb:3   | Killed a greater mummy
 94671 | Tomb:3   | Killed a greater mummy
 94673 | Tomb:3   | Killed a greater mummy
 94677 | Tomb:3   | Killed a greater mummy
 94688 | Tomb:3   | Got a golden rune of Zot
 94702 | Tomb:3   | Noticed a greater mummy
 94709 | Tomb:3   | Killed a greater mummy
 94717 | Tomb:3   | Noticed a greater mummy
 94728 | Tomb:3   | Killed a greater mummy
 94775 | Tomb:3   | Learned a level 5 spell: Aura of Abjuration
 94839 | Tomb:3   | Identified the Volume of Protection and the Frostbite
 94916 | Tomb:3   | Identified the amulet "Kuqurun" {Faith rC+ Slay+2} (You
                  | found it on level 3 of the Tomb of the Ancients)
 95662 | Zot:5    | Got the Orb of Zot
 95947 | D:13     | Noticed Kesiti the pandemonium lord
 96198 | D:$      | Escaped with the Orb!

Levels and vault maps discovered:
D:1:      erik_arrival_blinker_ship, layout_basic
D:2:      layout_loops_ring
D:3:      layout_loops_ring, chequers_ecumenical_altar_simple_redux, uniq_ijyb
D:4:      layout_rooms, minmay_temple_entry_arrows, serial_shops,
          nicolae_shop_temple_entry_statues_fountains, first_ration,
          uniq_grinder, uniq_natasha
D:5:      layout_gridville
D:6:      layout_basic, uniq_edmund
D:7:      layout_basic, serial_shops, nicolae_shop_statue_plus,
          gammafunk_ghost_smash
D:8:      layout_basic, lemuel_crystal_altar, basic_altar, tgw_kikubaaqudgha
D:9:      minmay_angry_zag, layout_gridville, uniq_pikel
D:10:     layout_irregular_city, david_lair_generic, orc_david_3
D:11:     layout_grid_maze
D:12:     layout_roguey, portal_ice_cave_entry_imps,
          hangedman_little_slice_of_home, hangedman_batty
D:13:     layout_loops_ring, uniq_sonja, uniq_jorgrun, uniq_frances
D:14:     layout_cave_pods, lightli_vaults_fourway_checkpoint,
          small_statue_intersection, nrook_loot_triangle,
          wad_floor_pattern_untrapped, uniq_azrael, uniq_kirke, uniq_louise
D:15:     gammafunk_depths_entry_grave, layout_basic, gammafunk_ghost_cemetery,
          uniq_roxanne
Temple:   roderic_octagonal_lattice_temple
Lair:1:   minmay_lair_venomous_thicket, layout_long_grid, grunt_megastairs_1,
          uniq_harold
Lair:2:   layout_concentric_octagons, ebering_ghost_inner_flame,
          grunt_megastairs_5, serial_bayou_shore_a
Lair:3:   layout_cave_pods, spider_nest_entry_web_field
Lair:4:   layout_roguey, swamp_mist, special_room [special_room_bee],
          beast_lair_carwin_5, lemuel_fruit_fields
Lair:5:   layout_gridlike, minmay_slime_entry_oklob_open, basic_altar,
          gauntlet_entry_generic, nicolae_lair_grove_arrangements
Lair:6:   hangedman_lair_tendril_chambers, layout_misc_corridors,
          kennysheep_snail_temple
Swamp:1:  layout_basic_swamp, evilmike_swamp_ruin_house_2, uniq_josephine
Swamp:2:  layout_basic_swamp, evilmike_swamp_ruin_house_4
Swamp:3:  layout_basic_swamp, hangedman_swamp_ruin_wall, uniq_donald
Swamp:4:  swamp, layout_basic_swamp
Spider:1: layout_spider_delve, uniq_rupert
Spider:2: layout_spider_delve, uniq_agnes
Spider:3: layout_spider_delve, zaba_antful_of_joy, uniq_mara, uniq_arachne
Spider:4: spider_rune_water, einodemon_crawler_minivault
Slime:1:  cheibrodos_slime_lost_civilization_10, layout_caves
Slime:2:  layout_caves
Slime:3:  layout_caves, basic_altar
Slime:4:  layout_caves
Slime:5
Orc:1:    layout_caves
Orc:2:    st_orc_open, layout_caves
Elf:1:    elf_arrival_002, layout_geoelf_grid, minmay_elf_demonology
Elf:2:    layout_loops_corners, basic_altar, serial_shops, shop_statue,
          grunt_megastairs_2
Elf:3:    grunt_elf_hall_spiral, layout_loops_corners, special_room
          [special_room_orc], grunt_ministairs_2
Vaults:1: vaults_dpeg_doors, v_pattern_1, nicolae_vaults_network_periphery,
          vaults_standard_mumra_x, v_misc_19, ontoclasm_vaults_loading_screen,
          vaults_room_semicircle, v_misc_19, nicolae_vaults_diagonal_hallway_9,
          v_misc_8, nicolae_vaults_little_squares_3, layout_vaults_maze_snakey
Vaults:2: ontoclasm_vaults_ring_square, nicolae_vaults_twisting_passages,
          v_rooms_3, nicolae_vaults_big_angled_halls, hangedman_vaults_nodes,
          st_diamondy, vaults_dpeg_encased_lava, nicolae_vaults_three_branches,
          hangedman_vaults_trim, nicolae_vaults_specimen_jars,
          layout_vaults_omnicross, serial_shops, shop_coins, uniq_mennas
Vaults:3: gammafunk_vaults_ghost_fury_of_okawaru,
          minmay_crypt_entry_simple_plaza, nicolae_vaults_sealed_display,
          nicolae_vaults_inception_corners, nicolae_vaults_little_squares_6,
          ontoclasm_vaults_loading_screen, serial_ice_h,
          hangedman_vaults_variations, layout_vaults_omnigrid, serial_shops,
          nicolae_shop_overgrown_old_shop, enter_trove_0
Vaults:4: v_misc_10, v_rooms_4, ontoclasm_vaults_ring_square,
          hangedman_vaults_nails, v_alt_pattern_3, v_misc_33,
          hangedman_vaults_stitches, nicolae_vaults_mini_display_case,
          ontoclasm_vaults_ring_square, nicolae_vaults_hallways_thing,
          ontoclasm_vaults_ring_square, layout_vaults_omnibox
Vaults:5
Crypt:1:  due_chaos_kobolds, layout_gridlike
Crypt:2:  layout_regular_city, uniq_jory
Crypt:3:  evilmike_haunted_forest, uniq_xtahua
Tomb:1
Tomb:2
Tomb:3
Depths:1: layout_cave_pools, hellmouth_1, minmay_misc_feat_five,
          chequers_big_river, chequers_serial_rivers_large_a,
          kennysheep_generic_room_3, uniq_sojobo
Depths:2: minmay_inner_zag, layout_cave_shapes, hell_entry,
          chequers_serial_rivers_small_3, special_room
          [special_room_magic_class], nicolae_abyss_entry_one_way_or_another,
          okawaru_ov_weapons_minmay, infiniplex_staircase_pillars_2
Depths:3: hangedman_spin_cycle, hell_entry, pan_entry, abyss_entry
Depths:4: gammafunk_corrupted_shrine, layout_cave_shapes,
          pf_hell_entry_tar_spiral, minmay_stone_trees_small,
          rand_demon_pan_entry_7, abyss_entry, serial_bayou_shore_b
Depths:5: grunt_crosshair, layout_basic, enter_ziggurat_b, serial_shops, shop,
          hell_entry, minmay_variable_closet, drop_trap, hangedman_decor_push,
          uniq_saint_roka
Hell
Dis:1:    layout_subdivisions, hangedman_dis_decor_tower,
          nicolae_dis_strange_trophy_room
Dis:2:    layout_gridville, hangedman_dis_decor_blocks_crown
Dis:3:    lemuel_mystery_crypt, layout_subdivisions
Dis:4:    layout_jigsaw
Dis:5:    layout_subdivisions
Dis:6:    layout_regular_city
Dis:7:    dis_hangedman
Geh:1:    layout_gehenna_pools_box, hangedman_elemental_grid_stream
Geh:2:    layout_gehenna_pools_box
Geh:3:    layout_gehenna_lava_caves
Geh:4:    layout_gehenna_lava_caves, lemuel_elevator
Geh:5:    layout_gehenna_pools_basic, lemuel_flamethrower_3
Geh:6:    layout_gehenna_lava_caves
Geh:7:    geh_old
Coc:1:    layout_ice_bergs
Coc:2:    layout_ice_bergs
Coc:3:    layout_ice_bergs
Coc:4:    layout_cocytus_water_paths
Coc:5:    layout_cocytus_water_paths
Coc:6:    layout_ice_bergs
Coc:7:    coc_old
Tar:1:    layout_grid_maze
Tar:2:    layout_grid_maze
Tar:3:    layout_honeycomb
Tar:4:    layout_honeycomb
Tar:5:    layout_grid_maze
Tar:6:    layout_cathedral_of_symmetry, nicolae_tar_cuneiform_bread
Tar:7:    tar_minmay_river
Zot:1:    layout_basic
Zot:2:    grunt_zot_stairs_overgrown, layout_onion_interference,
          skrybe_zot_glass_1
Zot:3:    kennysheep_blocky_hall, layout_basic
Zot:4:    layout_twisted_circle
Zot:5:    layout_misc_corridors

Skill      XL: |  1  2  3  4  5  6  7  8  9 10 11 12 13 14 15 16 17 18 19 20 21 22 23 24 25 26 27 |
---------------+----------------------------------------------------------------------------------+-----
Axes           | 4 5 6 7 8 10 12 14 15 16 17 18 19 20 21 23 24 25 27 | 27.0
Fighting       | 4 5 6 8 9 10 11 12 13 14 15 16 17 18 19 20 21 23 24 25 27 | 27.0
Stealth        | 1 6 10 | 10.7
Throwing       | 1 2 4 5 7 8 10 11 12 13 14 15 16 | 16.0
Evocations     | 1 2 4 5 6 7 8 9 10 12 13 | 13.0
Armour         | 3 4 5 7 9 10 12 14 15 16 17 18 19 20 | 20.0
Shields        | 3 5 7 8 10 12 14 15 16 17 18 20 25 | 25.0
Dodging        | 3 4 6 9 11 13 14 15 16 17 | 17.4
Invocations    | 20 | 20.0
Translocations | 9 |  9.0
Spellcasting   | 12 | 12.0
Transmutations | 8 |  8.0
Earth Magic    | 25 | 25.0
Summonings     | 9 |  9.0
Air Magic      | 4 |  4.0

Action                   |  1- 3 |  4- 6 |  7- 9 | 10-12 | 13-15 | 16-18 | 19-21 | 22-24 | 25-27 || total
-------------------------+-------+-------+-------+-------+-------+-------+-------+-------+-------++-------
Melee: Hand axe          |    91 |    69 |   368 |    43 |       |       |       |       |       ||   571
       Headbutt          |    12 |    18 |    79 |   166 |   241 |   269 |   319 |   446 |  1482 ||  3032
       War axe           |       |       |       |   553 |   124 |       |       |       |       ||   677
       Flail             |       |       |       |   106 |    25 |    58 |       |       |       ||   189
       Broad axe         |       |       |       |       |   810 |  1201 |  1205 |  1408 |  6101 || 10725
       Kick              |       |       |       |       |       |       |       |       |   104 ||   104
Throw: Stone             |       |    10 |       |       |       |       |       |       |       ||    10
       Dart              |       |       |    30 |    30 |    21 |   203 |     1 |       |       ||   285
       Boomerang         |       |       |     9 |    48 |    26 |   227 |   131 |    72 |       ||   513
       Javelin           |       |       |       |     2 |    92 |    88 |    64 |   121 |   346 ||   713
       Throwing net      |       |       |       |       |       |       |       |       |    12 ||    12
 Cast: Statue Form       |       |       |       |       |       |       |       |       |    25 ||    25
       Apportation       |       |       |       |       |       |       |       |       |    24 ||    24
       Shatter           |       |       |       |       |       |       |       |       |    24 ||    24
       Blink             |       |       |       |       |       |       |       |       |     2 ||     2
       Portal Projectile |       |       |       |       |       |       |       |       |     1 ||     1
       Passage of Golubr |       |       |       |       |       |       |       |       |     1 ||     1
Invok: Berserk           |     1 |     4 |    10 |    15 |     6 |     7 |     1 |     8 |     3 ||    55
       Trog's Hand       |       |       |       |     3 |     6 |     4 |    26 |    16 |     3 ||    58
       Brothers in Arms  |       |       |       |     3 |     4 |     3 |     1 |     8 |     4 ||    23
       Cleansing Flame   |       |       |       |       |       |       |       |       |   117 ||   117
       Summon Divine War |       |       |       |       |       |       |       |       |    43 ||    43
       Divine Shield     |       |       |       |       |       |       |       |       |     9 ||     9
       Brand Weapon With |       |       |       |       |       |       |       |       |     1 ||     1
 Abil: Evoke Invisibilit |       |       |       |       |     3 |    10 |     9 |     4 |     9 ||    35
       Evoke Flight      |       |       |       |       |       |       |       |     2 |       ||     2
Evoke: Wand              |       |       |     5 |    11 |     4 |    35 |    16 |     3 |    24 ||    98
       Phial of floods   |       |       |       |     1 |     1 |       |       |     1 |     1 ||     4
       Lamp of fire      |       |       |       |       |     1 |     2 |     2 |     1 |     3 ||     9
       Box of beasts     |       |       |       |       |       |       |       |       |     2 ||     2
       Fan of gales      |       |       |       |       |       |       |       |       |     1 ||     1
       Lightning rod     |       |       |       |       |       |       |       |       |     1 ||     1
  Use: Scroll            |     5 |     3 |     8 |     8 |    14 |    19 |     8 |    14 |    63 ||   142
       Potion            |       |     2 |       |     1 |     4 |       |     2 |     3 |    45 ||    57
 Stab: Paralysed         |       |       |    10 |     3 |       |     4 |     3 |       |       ||    20
       Distracted        |       |       |       |       |     1 |       |     2 |     1 |     1 ||     5
       Invisible         |       |       |       |       |    10 |    40 |    49 |    22 |    45 ||   166
       Sleeping          |       |       |       |       |       |     6 |     1 |       |       ||     7
       Confused          |       |       |       |       |       |     1 |       |       |       ||     1
       Held in net/web   |       |       |       |       |       |       |       |       |     6 ||     6
  Eat: Chunk             |     4 |     3 |    19 |    32 |    46 |    46 |    41 |    33 |    22 ||   246
       Ration            |       |     1 |     1 |     3 |     4 |       |     4 |     4 |    53 ||    70
Armor: Ring mail         |    13 |       |       |       |       |       |       |       |       ||    13
       Leather armour    |     3 |       |       |       |       |     1 |       |       |       ||     4
       Scale mail        |     2 |    34 |    39 |       |       |       |       |       |       ||    75
       Chain mail        |       |       |    67 |   197 |    58 |       |       |       |       ||   322
       Storm dragon scal |       |       |       |       |   124 |     2 |    86 |   371 |    52 ||   635
       Swamp dragon scal |       |       |       |       |       |   311 |   109 |       |       ||   420
       Gold dragon scale |       |       |       |       |       |       |       |       |  1469 ||  1469
       Quicksilver drago |       |       |       |       |       |       |       |       |   147 ||   147
       Skin              |       |       |       |       |       |       |       |       |   124 ||   124
Dodge: Dodged            |    50 |    46 |    97 |   145 |   170 |   501 |   363 |   487 |  1778 ||  3637
Block: Large shield      |       |       |    81 |   446 |   645 |  1047 |   888 |   402 |  4246 ||  7755
       Reflection        |       |       |       |       |    15 |    15 |   103 |    39 |       ||   172
       Shield            |       |       |       |       |       |       |       |   609 |  1159 ||  1768
